 Dungeon Crawl Stone Soup version 0.24-a0-378-g94936e539c (webtiles) character file.

Game seed: 12830301210872661409

49356 Laiders72 the Severer (level 14, -4/121 HPs)
             Began as a Hill Orc Fighter on May 31, 2019.
             Was the Champion of Okawaru.
             Slain by a freezing wraith (10 damage)
             ... while paralysed
             ... on level 15 of the Dungeon on June 1, 2019.
             The game lasted 00:51:05 (15558 turns).

Laiders72 the Severer (Hill Orc Fighter)           Turns: 15558, Time: 00:51:06

Health: -4/121     AC: 38    Str: 18    XL:     14   Next: 50%
Magic:  21/21      EV:  2    Int:  8    God:    Okawaru [******]
Gold:   1067       SH:  0    Dex: 13    Spells: 13/13 levels left

rFire    + . .     SeeInvis +   a - +7 battleaxe of Batrary {pain, +Blink rElec rPois Str-3}
rCold    + . .     Gourm    .   (shield currently unavailable)
rNeg     + . .     Faith    .   F - +15 storm dragon scales of Evolution {rElec rF+ rN+ MR+}
rPois    +         Spirit   .   O - +5 hat of the Moneychanger {rC+ MR++}
rElec    +         Reflect  .   K - +0 cloak
rCorr    .         Harm     .   (no gloves)
MR       ++++.                  h - +1 pair of boots
Stlth    ..........             l - amulet of rage
HPRegen  0.30/turn              G - ring of flight
MPRegen  0.17/turn              P - ring of see invisible

@: paralysed, fainting, slowed
A: no striking features
a: Heroism, Finesse, Renounce Religion, Evoke Blink, Evoke Berserk Rage, Evoke
Flight


You were on level 15 of the Dungeon.
You worshipped Okawaru.
Okawaru was exalted by your worship.
You were fainting.

You visited 1 branch of the dungeon, and saw 15 of its levels.
You also visited: Ossuary.

You collected 1067 gold pieces.

Inventory:

Hand Weapons
 a - the +7 battleaxe of Batrary (weapon) {pain, +Blink rElec rPois Str-3}
   (Okawaru gifted it to you on level 9 of the Dungeon)

   In the hands of one skilled in necromantic magic, it inflicts extra damage on
   living creatures.
   It affects your strength (-3).
   It insulates you from electricity.
   It protects you from poison.
   It lets you blink.
 b - a +0 hunting sling
Missiles
 s - 10 boomerangs (quivered)
 D - 151 sling bullets
Armour
 h - a +1 pair of boots (worn)
 F - the +15 storm dragon scales of Evolution (worn) {rElec rF+ rN+ MR+}
   (You found it on level 6 of the Dungeon)

   It protects you from fire.
   It insulates you from electricity.
   It protects you from negative energy.
   It affects your resistance to hostile enchantments.
 K - a +0 cloak (worn)
 L - the +12 large shield of the Barracuda {-Tele Regen+ Str+4 Int+2}
   (Okawaru gifted it to you on level 14 of the Dungeon)

   It affects your strength (+4).
   It affects your intelligence (+2).
   It prevents most forms of teleportation.
   It increases your rate of regeneration.
 O - the +5 hat of the Moneychanger (worn) {rC+ MR++}
   (Okawaru gifted it to you on level 10 of the Dungeon)

   It protects you from cold.
   It affects your resistance to hostile enchantments.
Jewellery
 l - an amulet of rage (around neck)
 G - a ring of flight (left hand)
 P - a ring of see invisible (right hand)
Wands
 c - a wand of polymorph (10)
 t - a wand of flame (57)
 J - a wand of paralysis (29)
 M - a wand of iceblast (8)
Scrolls
 g - 3 scrolls of blinking {unknown}
 k - 12 scrolls of teleportation
 n - 5 scrolls of amnesia {unknown}
 p - 3 scrolls of immolation {unknown}
 u - 5 scrolls of enchant weapon {unknown}
 v - a scroll of enchant armour
 y - 7 scrolls of remove curse {unknown}
 B - a scroll of noise {unknown}
 E - 3 scrolls of fog {unknown}
 H - 7 scrolls of identify
 I - 2 scrolls of magic mapping {unknown}
Potions
 e - a potion of might
 i - a potion of invisibility
 j - a potion of berserk rage
 m - 3 potions of ambrosia
 o - 3 potions of degeneration {unknown}
 q - 2 potions of flight
 r - 2 potions of mutation {unknown}
 w - 9 potions of curing
 x - 3 potions of brilliance
 z - 6 potions of lignification
 A - 4 potions of heal wounds
 C - 4 potions of agility
 N - a potion of resistance {unknown}
Comestibles
 f - 29 rations


   Skills:
 - Level 10.0 Fighting
 * Level 19.4 Axes
 - Level 6.0 Slings
 + Level 9.4 Armour
 + Level 6.6 Dodging
 - Level 6.0 Shields
 - Level 10.0 Invocations
 + Level 7.9 Evocations


You had 13 spell levels left.
You didn't know any spells.
Your spell library contained the following spells:

 Spells                   Type           Power        Failure   Level  Hunger
 Animate Skeleton         Necr           N/A          98%         1    ##.....
 Magic Dart               Conj           #...         98%         1    ##.....
 Pain                     Necr           #...         98%         1    ##.....
 Sandblast                Erth           #.....       98%         1    ##.....
 Summon Small Mammal      Summ           #...         98%         1    ##.....
 Blink                    Tloc           N/A          99%         2    ###....
 Call Imp                 Summ           #.......     99%         2    ###....
 Passwall                 Tmut/Erth      #.......     99%         2    ###....
 Shroud of Golubria       Chrm/Tloc      #.........   99%         2    ###....
 Slow                     Hex            #.......     99%         2    ###....
 Call Canine Familiar     Summ           #.......     100%        3    ####...
 Conjure Flame            Conj/Fire      #.......     100%        3    ####...
 Gell's Gravitas          Tloc           #.........   100%        3    ####...
 Lesser Beckoning         Tloc           #.........   100%        3    ####...
 Mephitic Cloud           Conj/Pois/Air  #.......     100%        3    ####...
 Regeneration             Chrm/Necr      #.........   100%        3    ####...
 Stone Arrow              Conj/Erth      #.....       100%        3    ####...
 Summon Guardian Golem    Hex/Summ       #.......     100%        3    ####...
 Teleport Other           Tloc           #.......     100%        3    ####...
 Vampiric Draining        Necr           #.........   100%        3    ####...
 Animate Dead             Necr           N/A          100%        4    #####..
 Passage of Golubria      Tloc           N/A          100%        4    #####..
 Petrify                  Tmut/Erth      #.......     100%        4    #####..
 Summon Ice Beast         Ice/Summ       #.......     100%        4    #####..
 Summon Lightning Spire   Summ/Air       #.......     100%        4    #####..
 Lee's Rapid Deconstruct  Erth           #.........   100%        5    ######.


Dungeon Overview and Level Annotations

Branches:
Dungeon (15/15)            Temple (0/1) D:7            Lair (0/6) D:9
    Orc (0/2) D:12         Vaults (0/5) D:14
 Depths: D:15

Altars:
Ashenzari
Cheibriados
Elyvilon
Hepliaklqana
Nemelex Xobeh
Okawaru
Qazlal
Ru
Trog
Vehumet
Wu Jian
Xom
The Shining One

Shops:
D:10 **%(!   D:11 [   D:14 %


Message History

The freezing wraith is heavily damaged.
You lose consciousness!
The freezing wraith hits you but does no damage. x2
The freezing wraith hits you but does no damage. x6
The freezing wraith hits you. The freezing wraith freezes you! You resist.
* * * LOW HITPOINT WARNING * * *
The freezing wraith hits you but does no damage.
The freezing wraith hits you.
* * * LOW HITPOINT WARNING * * *
The freezing wraith freezes you! You resist.
* * * LOW HITPOINT WARNING * * *
The freezing wraith hits you but does no damage.
The freezing wraith hits you but does no damage.
The freezing wraith hits you!
* * * LOW HITPOINT WARNING * * *
The freezing wraith drains your vigour!
You feel yourself slow down. The freezing wraith hits you.
* * * LOW HITPOINT WARNING * * *
The freezing wraith freezes you! You resist.
You die...

#.#..##.##..##
#.#..##.#....
#.#.........#
###.#..##.....#
..).#..##.....# .
###)).........# ...
###..#......# #....
###.........####...[..
#.<..........)@W......
#.##.##...######?.....
#. #.###.## ..... #.
#...?... .... ##
#.###.#.. ... ##. .. .
.# # .. # #..


You could see a freezing wraith.

Vanquished Creatures
  Rupert (D:14)
  Kirke (D:14)
  A fire dragon (D:14)
  A hydra (D:13)
  A death knight (D:15)
  An ogre mage (D:14)
  4 centaur warriors
  4 two-headed ogres
  2 unseen horrors
  2 orc knights
  11 deep elf magi
  A salamander (shapeshifter) (D:14)
  16 ugly things
  2 manticores
  3 cyclopes
  A gargoyle (D:14)
  3 meliai (D:15)
  A queen bee (D:15)
  12 trolls
  2 hornets
  A centaur simulacrum (D:15)
  A hippogriff (D:7)
  A vampire (D:12)
  2 wraiths
  3 wyverns
  Sigmund (D:3)
  A water elemental (D:13)
  16 humans (D:14)
  2 shadows
  2 hogs (D:14)
  A human (shapeshifter) (D:14)
  A yak (shapeshifter) (D:9)
  A basilisk (D:13)
  16 yaks
  4 hungry ghosts
  A warg (D:12)
  2 acid dragons
  A soldier ant (D:13)
  A water moccasin (D:10)
  9 orc warriors
  2 sky beasts
  4 ice beasts
  4 boggarts (D:14)
  An eye of draining (D:15)
  3 wolves (D:9)
  10 phantoms
  A necrophage (D:13)
  5 ogres
  12 centaurs
  A crocodile (D:8)
  Blork the orc (D:6)
  A big kobold (D:8)
  9 bullfrogs
  6 scorpions
  A hornet simulacrum (D:15)
  2 wyvern skeletons
  26 killer bees
  3 electric eels (D:9)
  A vampire bat (D:4)
  2 howler monkeys (D:8)
  7 crimson imps
  2 bullfrog zombies
  2 centaur zombies
  14 orc priests
  7 centaur skeletons
  9 hounds
  8 jellies
  3 bullfrog skeletons
  5 iguanas
  11 orc wizards
  Jessica (D:3)
  15 worker ants
  Natasha (thrice) (D:3)
  A killer bee zombie (D:9)
  A hound skeleton (D:6)
  A mummy (Ossuary)
  A worker ant zombie (D:10)
  A howler monkey zombie (D:11)
  4 gnolls (D:4)
  11 adders
  A shadow imp (D:15)
  6 oozes
  2 adder skeletons
  A worm (D:2)
  2 dart slugs
  3 fire bats (D:4)
  4 leopard geckos
  65 orcs
  2 spectral bats (D:4)
  3 ball pythons
  3 bat skeletons (D:4)
  A bat zombie (D:4)
  9 giant cockroaches
  9 goblins
  8 hobgoblins
  11 jackals
  8 kobolds
  2 quokkas
  15 bats
  A bat simulacrum (D:4)
  2 frilled lizards
  7 gnoll skeletons (Ossuary)
  3 kobold skeletons (Ossuary)
  A leopard gecko skeleton (D:5)
  A leopard gecko zombie (D:5)
  15 orc skeletons (Ossuary)
  A quokka skeleton (D:6)
  7 rats
532 creatures vanquished.

Vanquished Creatures (others)
  An orc wizard (D:12)
1 creature vanquished.

Grand Total: 533 creatures vanquished

Notes
Turn   | Place    | Note
-------+----------+-------------------------------------------
     0 | D:1      | Laiders72 the Hill Orc Fighter began the quest for the Orb.
     0 | D:1      | Reached XP level 1. HP: 19/19 MP: 1/1
   106 | D:1      | Reached skill level 3 in Axes
   128 | D:1      | Reached XP level 2. HP: 27/27 MP: 2/2
   379 | D:1      | Reached XP level 3. HP: 33/33 MP: 3/3
   914 | D:2      | Reached skill level 4 in Axes
  1067 | D:2      | Reached XP level 4. HP: 39/40 MP: 4/4
  1572 | D:2      | Found a hazy altar of Hepliaklqana.
  1574 | D:2      | Found a shimmering altar of Xom.
  1575 | D:2      | Noticed a spectral ugly thing
  1724 | D:3      | Noticed Natasha
  1742 | D:3      | Killed Natasha
  1742 | D:3      | Reached skill level 5 in Axes
  1757 | D:3      | Noticed Natasha
  1990 | D:3      | Killed Natasha
  1990 | D:3      | Reached XP level 5. HP: 17/47 MP: 5/5
  2035 | D:3      | Noticed Natasha
  2044 | D:3      | Killed Natasha
  2268 | D:3      | Noticed Jessica
  2272 | D:3      | Killed Jessica
  2580 | D:3      | Found a snail-covered altar of Cheibriados.
  2582 | D:3      | Noticed Sigmund
  2590 | D:3      | Killed Sigmund
  2590 | D:3      | Reached skill level 5 in Fighting
  2590 | D:3      | Reached skill level 6 in Axes
  2590 | D:3      | Reached XP level 6. HP: 56/56 MP: 6/6
  2682 | D:3      | Found a shattered altar of Ashenzari.
  2736 | D:3      | Noticed a phantom
  2786 | D:3      | Killed a phantom
  2786 | D:3      | Reached skill level 7 in Axes
  2786 | D:3      | Reached skill level 5 in Shields
  2786 | D:3      | Reached XP level 7. HP: 48/61 MP: 7/7
  2975 | D:3      | Found a stormy altar of Qazlal.
  2975 | D:3      | Found an iron altar of Okawaru.
  2976 | D:3      | Found a bloodstained altar of Trog.
  2985 | D:3      | Became a worshipper of Warmaster Okawaru
  3196 | D:4      | Found a sand-covered staircase.
  3230 | Ossuary  | Entered an ossuary
  3230 | Ossuary  | Noticed a wraith
  3230 | Ossuary  | Noticed a wraith
  3230 | Ossuary  | Noticed a wraith
  3385 | Ossuary  | Noticed a wraith
  3401 | Ossuary  | Killed a wraith
  3401 | Ossuary  | Reached skill level 8 in Axes
  3401 | Ossuary  | Reached skill level 1 in Invocations
  3720 | D:4      | Reached * piety under Okawaru
  4180 | D:4      | Found a glowing golden altar of the Shining One.
  4233 | D:4      | Reached XP level 8. HP: 66/70 MP: 9/9
  4685 | D:5      | Entered Level 5 of the Dungeon
  4736 | D:5      | Found a sparkling altar of Nemelex Xobeh.
  4750 | D:5      | Reached skill level 9 in Axes
  4942 | D:5      | Reached ** piety under Okawaru
  5341 | D:5      | Reached skill level 10 in Axes
  5381 | D:6      | Reached XP level 9. HP: 26/79 MP: 10/12
  5627 | D:6      | Reached skill level 5 in Invocations
  5683 | D:6      | Noticed Blork the orc
  5695 | D:6      | Killed Blork the orc
  5934 | D:6      | Got spiked storm dragon scales
  5935 | D:6      | Identified the +15 storm dragon scales of Evolution {rElec
                  | rF+ rN+ MR+} (You found it on level 6 of the Dungeon)
  6001 | D:6      | Reached skill level 11 in Axes
  6015 | D:6      | Reached *** piety under Okawaru
  6407 | D:6      | Reached skill level 12 in Axes
  6599 | D:7      | Reached XP level 10. HP: 74/90 MP: 12/15
  6607 | D:7      | Reached **** piety under Okawaru
  6693 | D:7      | Found an ornate altar of the Wu Jian Council.
  6817 | D:7      | Found a staircase to the Ecumenical Temple.
  7445 | D:8      | Found a white marble altar of Elyvilon.
  7476 | D:8      | Reached skill level 13 in Axes
  7528 | D:8      | Found a sparkling altar of Nemelex Xobeh.
  8285 | D:9      | Reached ***** piety under Okawaru
  8309 | D:9      | Reached skill level 10 in Fighting
  8319 | D:9      | Reached skill level 14 in Axes
  8554 | D:9      | Found a staircase to the Lair.
  8571 | D:9      | Found a radiant altar of Vehumet.
  8649 | D:9      | Noticed a two-headed ogre
  8650 | D:9      | Found a sacrificial altar of Ru.
  8667 | D:9      | Killed a two-headed ogre
  8667 | D:9      | Received a gift from Okawaru
  8667 | D:9      | Reached XP level 11. HP: 71/99 MP: 16/18
  8677 | D:9      | Got an encrusted battleaxe {god gift}
  8863 | D:9      | Identified the +7 battleaxe of Batrary {pain, +Blink rElec
                  | rPois Str-3} (Okawaru gifted it to you on level 9 of the
                  | Dungeon)
  8912 | D:9      | Found a stormy altar of Qazlal.
  9003 | D:9      | Noticed a two-headed ogre
  9016 | D:9      | Killed a two-headed ogre
  9016 | D:9      | Reached skill level 15 in Axes
  9080 | D:9      | Reached skill level 1 in Evocations
  9086 | D:9      | Reached skill level 1 in Slings
  9086 | D:9      | Reached skill level 1 in Dodging
  9195 | D:9      | Reached skill level 10 in Invocations
  9265 | D:9      | Got a scorched chain mail
  9276 | D:9      | Identified the +5 chain mail of Pandemonium {rElec Str+2
                  | Stlth+} (You found it on level 9 of the Dungeon)
  9315 | D:10     | Entered Level 10 of the Dungeon
  9403 | D:10     | Noticed a two-headed ogre
  9409 | D:10     | Killed a two-headed ogre
  9504 | D:10     | Found Cixau's Distillery.
  9623 | D:10     | Killed an unseen horror
  9623 | D:10     | Received a gift from Okawaru
  9626 | D:10     | Got a scorched hat {god gift}
  9632 | D:10     | Identified the +5 hat of the Moneychanger {rC+ MR++}
                  | (Okawaru gifted it to you on level 10 of the Dungeon)
  9897 | D:10     | Found Ruadiod's Assorted Antiques.
  9945 | D:10     | Found Boaz's Food Shop.
 10033 | D:10     | Found Gyotury's Weapon Emporium.
 10241 | D:10     | Found Jeakh's Assorted Antiques.
 10282 | D:11     | Noticed a cyclops
 10290 | D:11     | Killed a cyclops
 10438 | D:11     | Found Egrotirph's Antique Armour Shop.
 10492 | D:11     | Noticed a cyan ugly thing
 10500 | D:11     | Killed a cyan ugly thing
 10786 | D:11     | Reached skill level 5 in Armour
 11008 | D:11     | Noticed a two-headed ogre
 11056 | D:11     | Reached XP level 12. HP: 97/106 MP: 19/19
 11295 | D:12     | Reached skill level 16 in Axes
 11376 | D:12     | You fall into a shaft and drop 2 floors!
 11376 | D:14     | Found a gate to the Vaults.
 11377 | D:14     | Noticed Rupert
 11379 | D:14     | Noticed a fire dragon
 11383 | D:14     | Noticed an ogre mage
 11385 | D:14     | Noticed a centaur warrior
 11396 | D:14     | Killed Rupert
 11401 | D:14     | Killed a fire dragon
 11402 | D:14     | Killed a centaur warrior
 11405 | D:14     | Received a gift from Okawaru
 11407 | D:14     | Killed an ogre mage
 11407 | D:14     | Reached skill level 5 in Evocations
 11407 | D:14     | Reached skill level 17 in Axes
 11414 | D:14     | Noticed a two-headed ogre
 11425 | D:14     | Killed a two-headed ogre
 11425 | D:14     | Reached ****** piety under Okawaru
 11701 | D:14     | Reached XP level 13. HP: 82/113 MP: 20/20
 11732 | D:14     | Reached skill level 5 in Slings
 11751 | D:14     | Received a gift from Okawaru
 11764 | D:14     | Got a faintly glowing large shield {god gift}
 12033 | D:14     | Found Lusuxur's Food Emporium.
 12126 | D:14     | Noticed Kirke
 12137 | D:14     | Reached skill level 5 in Dodging
 12151 | D:14     | Killed Kirke
 12594 | D:14     | Reached skill level 18 in Axes
 13096 | D:14     | Identified the +12 large shield of the Barracuda {-Tele
                  | Regen+ Str+4 Int+2} (Okawaru gifted it to you on level 14
                  | of the Dungeon)
 13804 | D:13     | Received a gift from Okawaru
 13810 | D:13     | Reached XP level 14. HP: 81/121 MP: 21/21
 14497 | D:12     | Reached skill level 19 in Axes
 14617 | D:12     | Found a staircase to the Orcish Mines.
 14757 | D:11     | Upgraded the game from 0.24-a0-375-g4de66ed42b to
                  | 0.24-a0-378-g94936e539c
 14799 | D:15     | Entered Level 15 of the Dungeon
 15551 | D:15     | Paralysed by fainting for 7 turns
 15558 | D:15     | HP: 6/121 [freezing wraith (5)]
 15558 | D:15     | Slain by a freezing wraith

Levels and vault maps discovered:
D:1:      lightli_arrival_isolated_outpost, layout_basic, minmay_tromino_v4_a
D:2:      layout_loops_ring, regret_index_temple_of_mockery, minmay_tall_x
D:3:      layout_rooms, old_standard_altar, nicolae_overflow_crystal_walls,
          gammafunk_temple_overflow_claw, uniq_jessica, uniq_natasha,
          uniq_sigmund
D:4:      layout_loops_cross, tso_altar, first_ration,
          nicolae_ossuary_entry_monument, goddamned_bats
D:5:      layout_basic, old_standard_altar
D:6:      layout_rooms, uniq_blork_the_orc
D:7:      layout_loops_ring, lemuel_coloured_pillars_altar,
          lemuel_temple_firewalk_b
D:8:      layout_loops_ring, elyvilon_altar_5, basic_altar
D:9:      layout_small_grid, vehumet_altar_wand_db,
          nicolae_ru_sacrificial_ziggurat, erik_lair_island,
          hangedman_little_slice_of_home, nicolae_qazlal_eye_of_the_storm
D:10:     layout_loops_ring, serial_shops, kennysheep_mini, shop, shop, shop,
          kennysheep_mini_moat
D:11:     layout_loops_cross, serial_shops, nicolae_shop_stone, st_stairs_8,
          minivault_11, moated_statue
D:12:     layout_gridville, erik_orc_4, serial_bayou_pond_e
D:13:     layout_roguey, special_room [special_room_orc], serial_curves,
          eino_curves_03, eino_curves_01, minmay_misc_feat_hallway,
          minmay_misc_feat_encased, elves_outpost_lemuel, uniq_rupert
D:14:     layout_roguey, david_vaults_3, chequers_jeans, serial_shops,
          nicolae_shop_stone, uniq_kirke
D:15:     gammafunk_enter_depths_forms, layout_loops_ring, minivault_7

Skill      XL: |  1  2  3  4  5  6  7  8  9 10 11 12 13 14 |
---------------+-------------------------------------------+-----
Axes           | 3 4 5 6 7 8 10 12 14 15 17 18 19 | 19.4
Fighting       | 4 5 6 7 8 10 | 10.0
Shields        | 4 5 6 |  6.0
Invocations    | 2 4 7 9 10 | 10.0
Evocations     | 3 5 7 |  7.9
Slings         | 3 4 6 |  6.0
Dodging        | 2 4 5 6 |  6.6
Armour         | 5 6 8 9 |  9.4

Action                   |  1- 3 |  4- 6 |  7- 9 | 10-12 | 13-15 || total
-------------------------+-------+-------+-------+-------+-------++-------
Melee: War axe           |    83 |   119 |   393 |   266 |       ||   861
       Battleaxe         |       |       |       |   310 |   540 ||   850
 Fire: Hunting sling     |       |       |    15 |     6 |       ||    21
Throw: Boomerang         |       |       |       |     4 |       ||     4
Invok: Heroism           |       |       |     2 |     2 |     1 ||     5
       Finesse           |       |       |       |     1 |       ||     1
 Abil: Evoke Berserk Rag |     1 |     3 |       |     1 |       ||     5
       Evoke Blink       |       |       |       |     1 |       ||     1
Evoke: Wand              |       |       |     1 |       |       ||     1
  Use: Scroll            |     3 |       |    11 |     1 |     1 ||    16
       Potion            |       |       |     2 |       |       ||     2
 Stab: Sleeping          |       |       |       |     2 |       ||     2
       Distracted        |       |       |       |       |     1 ||     1
  Eat: Chunk             |       |    10 |    13 |    18 |     7 ||    48
       Ration            |       |       |       |     2 |     1 ||     3
Armor: Scale mail        |    50 |    58 |   195 |       |       ||   303
       Storm dragon scal |       |       |    62 |   475 |   470 ||  1007
Dodge: Dodged            |    32 |    36 |   147 |   168 |   255 ||   638
Block: Shield            |    65 |    71 |   261 |   140 |       ||   537

Table legend:
 A = Non-vault XP
 B = Vault XP
 C = Vault XP percentage of total XP
 D = Non-vault monster count
 E = Vault monster count
 F = Vault count percentage of total count
                 A         B        C        D         E       F
            +---------+---------+-------+---------+---------+-------
      Total |   49029 |   21480 |  30.5 |     366 |     167 |  31.3
            +---------+---------+-------+---------+---------+-------
        D:1 |      34 |       8 |  19.0 |      17 |       3 |  15.0
        D:2 |      51 |      20 |  28.2 |      19 |       4 |  17.4
        D:3 |     331 |     282 |  46.0 |      26 |       3 |  10.3
        D:4 |     261 |     180 |  40.8 |      14 |      20 |  58.8
        D:5 |     753 |       0 |   0.0 |      19 |       0 |   0.0
        D:6 |    2053 |      99 |   4.6 |      22 |       1 |   4.3
        D:7 |    1227 |       0 |   0.0 |      17 |       0 |   0.0
        D:8 |     981 |       0 |   0.0 |      16 |       0 |   0.0
        D:9 |    4409 |     941 |  17.6 |      34 |      16 |  32.0
       D:10 |    3598 |       0 |   0.0 |      27 |       0 |   0.0
       D:11 |    2889 |      17 |   0.6 |      27 |       1 |   3.6
       D:12 |    3593 |     570 |  13.7 |      29 |      17 |  37.0
       D:13 |    7664 |    6154 |  44.5 |      41 |      34 |  45.3
       D:14 |   14133 |   10849 |  43.4 |      33 |      23 |  41.1
       D:15 |    7052 |    2100 |  22.9 |      25 |      18 |  41.9
    Ossuary |       0 |     260 | 100.0 |       0 |      27 | 100.0
            +---------+---------+-------+---------+---------+-------
